AoeStats
← Hidden

Arabia

507494267Analyzed
1v1 RM · 12d ago on Sep 18, 2026· 32m 22s· 2 players
Game mode
Random Map
Map size
Tiny (2 player)
Population
200
Speed
Normal
Resources
Standard
Victory
Conquest
Starting age
Dark Age
Ending age
Imperial Age
RankedLock teamsTeams togetherTeam positionsShared explorationLock speedFull tech treeHidden civsTurbo modeCheats
Victory
Defeat
🇲🇦 Huns · Morocco
985
+18
🇳🇱 Aztecs · Netherlands
1018
-18
LeORI
7:35 Loom
9:51 Feudal Age
17:10 Gold Mining
17:23 Horse Collar
17:59 Double-Bit Axe
23:05 Castle Age
21:12 Fletching
21:24 Padded Archer Armor
24:49 Bodkin Arrow
32:08 Leather Archer Armor
32:50 Ballistics
Hidden
13:36 Feudal Age
15:27 Wheelbarrow
15:27 Loom
16:22 Man-at-Arms
21:11 Arson
21:47 Double-Bit Axe
22:12 Gold Mining
22:54 Town Watch
23:27 Forging
24:47 Fletching
24:58 Padded Archer Armor
30:48 Castle Age
31:51 Pikeman
32:31 Squires
Connection lost

Rejoining the realm…

Still unreachable

The connection could not be restored.

Session expired

The server has moved on; the page needs a fresh start.